 Dungeon Crawl Stone Soup version 0.31-a0-1278-g11c5b68f87 (webtiles) character file.

Game seed: 3272591309517017140

30 horus123 the Magician (level 3, 0/19 HPs)
             Began as a Deep Elf Summoner on Dec 18, 2023.
             Killed from afar by Sigmund (7 damage)
             ... with a magic dart
             ... on level 2 of the Dungeon.
             The game lasted 00:04:03 (1324 turns).

horus123 the Magician (Deep Elf Summoner)           Turns: 1324, Time: 00:04:04

Health: 0/19       AC:  2    Str:  5    XL:     3   Next: 5%
Magic:  8/11       EV: 12    Int: 21    God:
Gold:   79         SH:  0    Dex: 15    Spells: 9/12 levels left

rFire   . . .        f - +0 dagger
rCold   . . .        (no shield)
rNeg    . . .        a - +0 robe
rPois   .            (no helmet)
rElec   .            (no cloak)
rCorr   .            (no gloves)
SInv    .            (no boots)
Will    .....        (no amulet)
Stlth   ++           (no ring)
HPRegen 0.23/turn    (no ring)
MPRegen 0.12/turn

%: no passive effects
@: no status effects
A: no striking features
a: no special abilities


You were on level 2 of the Dungeon.
You visited 1 branch of the dungeon, and saw 2 of its levels.

You collected 79 gold pieces.

Inventory:

Hand Weapons
 f - a +0 dagger (weapon)
 j - a +0 short sword
Armour
 a - a +0 robe (worn)
Scrolls
 c - a scroll of vulnerability {unknown}
 d - a scroll of revelation {unknown}
 i - a scroll of poison {unknown}
 l - a scroll of fog {unknown}
 m - a scroll of torment {unknown}
 n - a scroll of fear {unknown}
 o - a scroll of teleportation {unknown}
Potions
 b - a potion of magic
 e - a potion of attraction {unknown}
 g - a potion of haste {unknown}
 h - a potion of cancellation {unknown}
 k - a potion of invisibility {unknown}


   Skills:
 - Level 2.4 Dodging
 - Level 2.4 Stealth
 - Level 5.0 Spellcasting
 + Level 4.3 Summonings


You had 9 spell levels left.
You knew the following spells:

 Your Spells              Type           Power      Damage    Failure   Level
a - Summon Small Mammal   Summ           92%        N/A       1%          1
b - Call Imp              Summ           46%        N/A       2%          2

Your spell library contained the following spells:

 Spells                   Type           Power      Damage    Failure   Level
 Call Canine Familiar     Summ           23%        N/A       5%          3
 Summon Guardian Golem    Hex/Summ       14%        N/A       13%         3
 Tukima's Dance           Hex            5%         N/A       32%         3
 Summon Lightning Spire   Summ/Air       14%        N/A       41%         4
 Passage of Golubria      Tloc           5%         N/A       71%         4
 Yara's Violent Unravell  Hex/Tmut       2%         3d3       96%         5


Dungeon Overview and Level Annotations

Branches:
Dungeon (2/15)

Altars:

Annotations:
D:2 Sigmund


Message History

Training target 5.0 for Spellcasting reached!
Your Spellcasting skill increases to level 5!
You need to enable at least one skill for training.
The goblin shouts!
A hobgoblin comes into view.
Sigmund asks, "Do you like me?"
Sigmund casts a spell.
Sigmund flickers and vanishes!
Deactivating autopickup; reactivate with Ctrl-A.
Unknown command.
A rat comes into view.
Something hits you!
You miss something.
Your cerulean imp hits the goblin with a -2 spear.
Your rat barely misses the goblin.
You barely miss something. Something hits you.
The goblin barely misses your cerulean imp.
Your cerulean imp closely misses the goblin.
Your rat closely misses the goblin.
You have 79 gold pieces.
What are your orders? t - Shout!
Orders for allies: a - Attack new target. r - Retreat! s - Stop attacking. g - Guard the area. f - Follow me.
Anything else - Cancel.
Gang up on whom?
Press: ? - help, Dir - move target There's nothing there!
The goblin misses your cerulean imp.
Your cerulean imp hits the goblin with a -2 spear.
Something hits you.
Your rat closely misses the goblin.
The goblin misses your cerulean imp. The rat bites you.
Your cerulean imp barely misses the goblin.
Your rat bites the rat.
You see here a wand of flame (13).
Found a stone staircase leading down.
A magic dart appears from out of thin air!
The magic dart hits you!
You die...

.. #. #.... . . #..#.
!..... #.## #.#.. ....#
...#. ##.... ###..##
##.#...
......####.....##...# #.
.......grr..)....... #.
.......r5........## #.
#.....@/..{......# #.
..................######
......................†.
>.....................##
...........(......###.##
....................#...
.................##..)..
.........##........###..
##.. ######...##..#


You could see a goblin (ally target), a rat, a friendly cerulean imp (summoned)
and 2 friendly rats.

Vanquished Creatures
  A hobgoblin (D:1)
1 creature vanquished.

Vanquished Creatures (collateral kills)
  An adder (D:2)
  A worm (D:2)
  3 endoplasms (D:1)
  A giant cockroach (D:1)
  5 kobolds
  A quokka (D:1)
  A ball python (D:1)
  2 frilled lizards (D:1)
  4 rats
19 creatures vanquished.

Grand Total: 20 creatures vanquished

Notes
Turn   | Place    | Note
-------+----------+-------------------------------------------
     0 | D:1      | horus123 the Deep Elf Summoner began the quest for the Orb.
     0 | D:1      | Reached XP level 1. HP: 10/10 MP: 6/6
   281 | D:1      | Reached skill level 4 in Spellcasting
   281 | D:1      | Reached XP level 2. HP: 13/15 MP: 3/9
   377 | D:1      | Learned a level 2 spell: Call Imp
  1259 | D:2      | Noticed Sigmund
  1273 | D:2      | Reached XP level 3. HP: 19/19 MP: 7/11
  1317 | D:2      | Reached skill level 5 in Spellcasting
  1324 | D:2      | Killed from afar by Sigmund

Illustrated notes

Levels and vault maps discovered:
D:1:      beargit_arrival_greenhouse, layout_basic
D:2:      layout_rooms, minmay_octomino_e4, uniq_sigmund, uniq_robin

Skill      XL: |  1  2  3 |
---------------+----------+-----
Spellcasting   | 4 5 |  5.0
Dodging        | |  2.4
Stealth        | |  2.4
Summonings     | |  4.3

Action                     || total
---------------------------++-------
  Melee: Dagger            ||     9
   Cast: Summon Small Mamm ||    33
         Call Imp          ||     8
 Armour: Robe              ||    13
  Dodge: Dodged            ||    12

Table legend: (Time is in decaauts)
 A = Elapsed time spent in this place.
 B = Non-inter-level travel time spent in this place.
 C = Inter-level travel time spent in this place.
 D = Time resting spent in this place.
 E = Time spent auto-exploring this place.
 F = Levels seen in this place.
 G = Mean time per level.
                   A        B        C        D        E       F      G
               +--------+--------+--------+--------+--------+-----+--------+
         Total |   1324 |   1310 |     14 |      0 |   1017 |   2 |  662.0 |
       Dungeon |   1324 |   1310 |     14 |      0 |   1017 |   2 |  662.0 |
               +--------+--------+--------+--------+--------+-----+--------+

Top non-repeatable levels by time:
     D:1: 1163 daAuts
     D:2: 161 daAuts
